 Dungeon Crawl Stone Soup version 0.19.1 (webtiles) character file.

292 M4edhros the Covert (level 6, -6/38 HPs)
             Began as an Octopode Artificer on Dec 26, 2016.
             Mangled by a wyvern (16 damage)
             ... on level 5 of the Dungeon.
             The game lasted 00:02:59 (2021 turns).

M4edhros the Covert (Octopode Artificer)            Turns: 2021, Time: 00:03:01

Health: -6/38      AC:  1    Str: 11    XL:     6   Next: 33%
Magic:  8/8        EV: 13    Int: 16    God:
Gold:   85         SH:  0    Dex: 14    Spells: 0 memorised, 5 levels left

rFire  . . .     SeeInvis .     j - +0 scythe (venom)
rCold  . . .     Gourm    .     (shield currently unavailable)
rNeg   . . .     Faith    .     (helmet restricted)
rPois  .         Spirit   .     (no amulet)
rElec  .         Reflect  .     (no ring)
rCorr  .         Harm     .     p - +2 ring of intelligence
MR     .....                    (no ring)
Stlth  +++++.....               (no ring)
                                (no ring)
                                (no ring)
                                (no ring)
                                (no ring)

@: no status effects
A: almost no armour, stealthy swim, amphibious, 8 rings, constrict 8, camouflage
1, gelatinous body 1
a: no special abilities


You were on level 5 of the Dungeon.
You were hungry.

You visited 1 branch of the dungeon, and saw 5 of its levels.

You collected 85 gold pieces.

Inventory:

Hand Weapons
 a - a +0 short sword
 j - a +0 scythe of venom (weapon)
Jewellery
 p - a +2 ring of intelligence (right tentacle)
Wands
 b - a wand of flame (15/48)
 c - a wand of enslavement (15/24)
 d - a wand of random effects (14/48)
 s - a wand of digging (8/24)
Scrolls
 e - 2 scrolls of immolation
 i - a scroll of magic mapping
 k - 4 scrolls of remove curse
Books
 h - a book of Changes

   Spells                             Type                      Level
   a - Beastly Appendage              Transmutation                1
   b - Sticks to Snakes               Transmutation                2
   c - Spider Form                    Transmutation/Poison         3
   d - Ice Form                       Ice/Transmutation            4
   e - Blade Hands                    Transmutation                5
Comestibles
 f - 4 bread rations
 g - 2 meat rations


   Skills:
 - Level 1.0 Fighting
 - Level 1.0 Short Blades
 * Level 2.2 Polearms
 - Level 2.0 Dodging
 + Level 8.1 Stealth
 - Level 3.2 Evocations


You had 5 spell levels left.
You didn't know any spells.

Dungeon Overview and Level Annotations

Branches:
Dungeon (5/15)
 Temple: D:4-7

Altars:
Sif Muna
Xom
Zin

Shops:
D:2 *

Annotations:
D:4 Grinder


Innate Abilities, Weirdness & Mutations

You cannot wear most types of armour.
You are very stealthy in the water. (Stealth+)
You are amphibious.
You can wear up to eight rings at the same time.
You can use your tentacles to constrict eight enemies at once.
Your skin changes colour to match your surroundings (Stealth+).
Your rubbery body absorbs attacks. (AC +1, EV +1)


Message History

A wyvern comes into view.
A wyvern is nearby!
A wyvern is nearby!
A wyvern is nearby!
Found a leather armour.
Attack whom?
Press: ? - help, Dir - move target cursor, f - wyvern
Aim: a wyvern (resting)
You reach to attack!
The helpless wyvern fails to defend itself.
You hit the wyvern.
The wyvern is lightly wounded.
The wyvern bites you. The wyvern barely misses you.
You hit the wyvern.
The wyvern is moderately wounded.
The wyvern bites you!!
Ouch! That really hurt!
* * * LOW HITPOINT WARNING * * *
The wyvern misses you. The wyvern bites you!
You die...

..#..#............
..#..#####.......#
.................
.................
.##.###.......#..
#.#........
.[###.#.....#..
............#..
..###..@.......
.......l.......
...............
...##.#....##..
... .......# .. ##
##.#.....
#.#....## #...##


You could see a wyvern.

Vanquished Creatures
  Sigmund (D:2)
  Terence (D:2)
  3 adders
  A gnoll (D:3)
  3 oozes
  An adder skeleton (D:5)
  2 worms
  11 orcs
  A ball python (D:5)
  4 bats
  3 giant cockroaches
  5 goblins
  2 hobgoblins
  2 jackals (D:3)
  3 frilled lizards
  3 kobolds
  A rat (D:3)
47 creatures vanquished.

Notes
Turn   | Place    | Note
-------+----------+-------------------------------------------
     0 | D:1      | M4edhros the Octopode Artificer began the quest for the Orb.
     0 | D:1      | Reached XP level 1. HP: 13/13 MP: 3/3
    20 | D:1      | Reached skill level 2 in Stealth
   153 | D:1      | Reached skill level 3 in Stealth
   153 | D:1      | Reached XP level 2. HP: 18/18 MP: 4/4
   665 | D:2      | Found a deep blue altar of Sif Muna.
   726 | D:2      | Reached skill level 4 in Stealth
   733 | D:2      | Reached XP level 3. HP: 18/23 MP: 5/5
   935 | D:2      | Found Zin's Purification Station.
   939 | D:2      | Found a glowing silver altar of Zin.
   954 | D:2      | Noticed Sigmund
   967 | D:2      | Killed Sigmund
   967 | D:2      | Reached skill level 7 in Stealth
   967 | D:2      | Reached XP level 4. HP: 25/28 MP: 6/6
   967 | D:2      | Reached XP level 5. HP: 30/33 MP: 7/7
  1266 | D:2      | Noticed Terence
  1274 | D:2      | Killed Terence
  1274 | D:2      | Reached skill level 1 in Polearms
  1299 | D:2      | Reached XP level 6. HP: 32/38 MP: 8/8
  1301 | D:2      | Reached skill level 8 in Stealth
  1653 | D:4      | Noticed Grinder
  1653 | D:4      | Noticed a phantom
  1709 | D:4      | Found a shimmering altar of Xom.
  1763 | D:5      | Entered Level 5 of the Dungeon
  2014 | D:5      | Noticed a wyvern
  2021 | D:5      | Mangled by a wyvern

Skill      XL: |  1  2  3  4  5  6 |
---------------+-------------------+-----
Stealth        | 3 4 7 8 |  8.1
Polearms       | 1 2 |  2.2
Fighting       | |  1.0
Short Blades   | |  1.0
Dodging        | |  2.0
Evocations     | |  3.2

Action                   |  1- 3 |  4- 6 || total
-------------------------+-------+-------++-------
Melee: Short sword       |    24 |       ||    24
       Tentacles         |     7 |    10 ||    17
       Constrict         |     6 |    18 ||    24
       Unarmed           |     9 |       ||     9
       Scythe            |       |    70 ||    70
Evoke: Wand              |     1 |       ||     1
  Use: Potion            |     1 |     2 ||     3
       Scroll            |       |     7 ||     7
 Stab: Sleeping          |     3 |     8 ||    11
       Distracted        |     1 |       ||     1
  Eat: Chunk             |       |     3 ||     3
Armor: Skin              |    22 |     2 ||    24
Dodge: Dodged            |    18 |    52 ||    70
